 Dungeon Crawl Stone Soup version 0.32-a0-699-g1ee5eff69a (webtiles) character file.

Game seed: 9949979265305847098

6046 seren the Mimic (level 10, 0/68 HPs)
             Began as an Octopode Shapeshifter on Mar 13, 2024.
             Was an Initiate of Gozag.
             Slain by a killer bee (6 damage)
             ... on level 9 of the Dungeon.
             The game lasted 00:26:13 (10296 turns).

seren the Mimic (Octopode Shapeshifter)            Turns: 10296, Time: 00:26:14

Health: 0/68       AC:  1    Str: 16    XL:     10   Next: 87%
Magic:  19/19      EV: 14    Int: 13    God:    Gozag
Gold:   311        SH:  0    Dex: 13    Spells: 4/9 levels left

rFire   . .          .
                       - Unarmed
rCold   . . .        (no shield)
rNeg    + + .        (helmet currently unavailable)
rPois   .            C - amulet of regeneration
rElec   +            h - ring of magical power
rCorr   .            N - ring of Niapteugh {rElec rN++ Will+ Stlth-}
SInv    .            (no ring)
Will    +....        (no ring)
Stlth   ++           (no ring)
HPRegen 1.11/turn    (no ring)
MPRegen 0.16/turn    (no ring)
                     (no ring)

%: no passive effects
@: beast-form, silenced, hasted, very quick
A: beast (slay +4), almost no armour, amphibious, 8 rings, camouflage 1,
gelatinous body 1, (nimble swimmer 1), tentacles
a: Begin Untransformation, Renounce Religion


You were on level 9 of the Dungeon.
You worshipped Gozag.
Gozag was aware of your devotion.
You were a hulking beast.
You visited 2 branches of the dungeon, and saw 11 of its levels.
You also visited: Bailey.

You collected 1590 gold pieces.
You spent 330 gold pieces at shops.
You paid 949 gold pieces to Gozag.

Inventory:

Missiles
 q - 48 poisoned darts
 r - 72 stones
 I - 10 boomerangs (quivered)
Jewellery
 h - a ring of magical power (left tentacle)
 z - a ring of ice
 C - an amulet of regeneration (around mantle)
 G - an amulet of reflection
 N - the ring of Niapteugh (right tentacle) {rElec rN++ Will+ Stlth-}
   (You found it on level 8 of the Dungeon)

   [ring of willpower]

   rElec:     It insulates you from electricity.
   rN++:      It greatly protects you from negative energy.
   Will+:     It increases your willpower.
   Stlth-:    It makes you less stealthy.
Talismans
 b - a beast talisman (active)
 c - a flux talisman
Wands
 B - a wand of polymorph (11)
 D - a wand of charming (12)
 K - a wand of acid (15)
 M - a wand of flame (39)
Scrolls
 e - 2 scrolls of poison
 f - a scroll of fear {unknown}
 g - 2 scrolls of enchant weapon
 i - a scroll of butterflies {unknown}
 j - 3 scrolls of fog
 l - a scroll of immolation
 m - 3 scrolls of vulnerability
 n - 2 scrolls of brand weapon
 p - 2 scrolls of noise {unknown}
 s - a scroll of revelation {unknown}
 t - 2 scrolls of amnesia {unknown}
 x - a scroll of teleportation {unknown}
 y - a scroll of silence
 L - 3 scrolls of enchant armour
Potions
 a - a potion of ambrosia
 d - 2 potions of heal wounds
 k - 2 potions of haste
 o - 2 potions of attraction
 u - 3 potions of curing
 v - a potion of berserk rage {unknown}
 w - a potion of magic {unknown}
 A - 4 potions of enlightenment
 E - a potion of brilliance {unknown}
 F - a potion of might
 H - 2 potions of resistance {unknown}
Miscellaneous
 J - a tin of tremorstones (2/2)
 O - a sack of spiders (inert)


   Skills:
 + Level 6.1 Fighting
 + Level 6.2 Dodging
 + Level 6.7 Stealth
 + Level 7.8 Unarmed Combat
 + Level 6.4 Evocations
 * Level 8.4 Shapeshifting


You had 4 spell levels left.
You knew the following spells:

 Your Spells              Type           Power      Damage    Failure   Level
a - Blink                 Tloc           0%         N/A       43%         2
b - Ozocubu's Armour      Ice            0%         N/A       67%         3

Your spell library contained the following spells:

 Spells                   Type           Power      Damage    Failure   Level
 Kiss of Death            Conj/Necr      0%         2d5       30%         1
 Ensorcelled Hibernation  Hex/Ice        0%         N/A       43%         2
 Jinxbite                 Hex            0%         N/A       43%         2
 Lesser Beckoning         Tloc           0%         N/A       43%         2
 Momentum Strike          Conj/Tloc      0%         3d8       43%         2
 Confusing Touch          Hex            0%         N/A       67%         3
 Frozen Ramparts          Ice            0%         1d1       67%         3
 Fugue of the Fallen      Necr           0%         N/A       67%         3
 Passwall                 Erth           0%         N/A       67%         3
 Swiftness                Air            0%         N/A       67%         3
 Anguish                  Hex/Necr       0%         N/A       97%         4
 Dispel Undead            Necr           0%         3d6       97%         4
 Ignite Poison            Fire/Alch      0%         N/A       97%         4
 Sticky Flame             Fire/Alch      0%         2d4       97%         4
 Metabolic Englaciation   Hex/Ice        0%         N/A       100%        5
 Yara's Violent Unravell  Hex/Alch       0%         3d3       100%        5
 Enfeeble                 Hex            0%         N/A       100%        7
 Haunt                    Necr/Summ      0%         N/A       100%        7
 Borgnjor's Revivificati  Necr           0%         N/A       100%        8
 Ignition                 Fire           0%         3d3       100%        8
 Death's Door             Necr           0%         N/A       100%        9


Dungeon Overview and Level Annotations

Branches:
Dungeon (10/15)            Temple (1/1) D:7             Orc (0/2) D:9
 Bailey (visited)
   Lair: D:8-11

Altars:
Ashenzari
Dithmenos
Elyvilon
Fedhas
Gozag
Hepliaklqana
Kikubaaqudgha
Nemelex Xobeh
Okawaru
Qazlal
Ru
Sif Muna
Trog
Uskayaw
Vehumet
Wu Jian
Yredelemnul
Zin
The Shining One
Beogh

Shops:
D:5 (

Annotations:
D:8 exclusion: gargoyle, Psyche


Innate Abilities, Weirdness & Mutations

You are a hulking beast.
Your limbs bulge with bestial killing power. (Slay +4)
You cannot wear most types of armour.
You are amphibious.
You can wear up to eight rings at the same time.
Your skin changes colour to match your surroundings (Stealth+).
Your rubbery body absorbs attacks. (AC +1, EV +1)
((You are camouflaged when in or above water. (Stealth+)))
You have tentacles for arms and can constrict up to eight enemies at once.


Message History

A profound silence engulfs you.
It was a scroll of silence.
You feel sick. The killer bee closely misses you.
The killer bee barely misses you. x4
The killer bee closely misses you. x2; The killer bee stings you.
* * * LOW HITPOINT WARNING * * *
You are more poisoned.
The killer bee poisons you! The killer bee misses you.
The killer bee closely misses you.
You feel much better.
You feel very sick. The killer bee misses you. The killer bee stings you!
* * * LOW HITPOINT WARNING * * *
The killer bee misses you. The killer bee stings you!
* * * LOW HITPOINT WARNING * * *
The killer bee stings you.
* * * LOW HITPOINT WARNING * * *
You are more poisoned.
The killer bee poisons you! The killer bee closely misses you.
The killer bee stings you.
* * * LOW HITPOINT WARNING * * *
You are more poisoned.
The killer bee poisons you! The killer bee barely misses you.
The killer bee stings you.
* * * LOW HITPOINT WARNING * * *
The killer bee misses you.
You feel better. The killer bee misses you. The killer bee stings you.
* * * LOW HITPOINT WARNING * * *
The killer bee barely misses you. The killer bee closely misses you.
The killer bee stings you.
* * * LOW HITPOINT WARNING * * *
The killer bee completely misses you. The killer bee stings you.
* * * LOW HITPOINT WARNING * * *
The killer bee closely misses you. x2
The killer bee stings you but does no damage.
You feel yourself speed up. The killer bee misses you.
The killer bee closely misses you. x2; The killer bee stings you!
* * * LOW HITPOINT WARNING * * *
The killer bee misses you. The killer bee closely misses you.
The killer bee misses you. x2; The killer bee stings you.
You die...
Your body crumbles into a pile of gold.

####...#...### #..#.............
.......###...####......#.#.#.#.##
..##.### ###...##......#.#.#.#.##
..+..# ##)..#................
..##.### ###...##..#)..#.#...#.##
.......###...####................
.......#...######..)...[.....#.#.
..##.###..###..yy....∩...........
####.###)#####.#h..#)..#.....#.#.
............)..yyy...........#.#.
####.#########.#..[#...#.......#.
.....# #.#...#.............
..##.# #.#.#.#..##..##.#.#.
####.# #...............#.#. #.#
###.#.##.##..####.#. #.#
#.#...............
####.###########.........#####.#.


You could see 5 killer bees.

Vanquished Creatures
  A troll (D:10)
  A hornet (D:9)
  A steam dragon (D:9)
  4 water moccasins
  An ice beast (D:6)
  12 orc warriors
  3 black bears (D:6)
  2 centaurs (D:8)
  2 phantoms (D:4)
  4 ogres
  2 kobold brigands
  4 bullfrogs
  A gnoll sergeant (D:8)
  4 scorpions
  17 wights
  4 killer bees
  3 howler monkeys (D:9)
  5 hounds
  A gnoll bouda (D:6)
  A jelly (D:4)
  2 sleepcaps (D:6)
  11 orc priests
  An iguana (D:6)
  6 orc wizards
  5 gnolls (D:8)
  12 adders
  3 shadow imps
  A white imp (D:8)
  4 dart slugs
  2 ribbon worms
  26 orcs
  9 bats
  6 endoplasms
  3 giant cockroaches
  11 hobgoblins
  10 jackals
  4 quokkas
  3 ball pythons
  4 frilled lizards
  12 goblins
  33 kobolds
  3 rats
244 creatures vanquished.

Vanquished Creatures (collateral kills)
  An orc (D:7)
1 creature vanquished.

Grand Total: 245 creatures vanquished

Notes
Turn   | Place    | Note
-------+----------+-------------------------------------------
     0 | D:1      | seren the Octopode Shapeshifter began the quest for the
                  | Orb.
     0 | D:1      | Reached XP level 1. HP: 13/13 MP: 1/1
   198 | D:1      | Reached skill level 1 in Stealth
   198 | D:1      | Reached XP level 2. HP: 18/18 MP: 2/2
   448 | D:1      | Reached XP level 3. HP: 23/23 MP: 3/3
  1273 | D:2      | Reached XP level 4. HP: 22/28 MP: 4/4
  1720 | D:3      | Found a glowing golden altar of the Shining One.
  1794 | D:3      | Found an ancient bone altar of Kikubaaqudgha.
  2141 | D:3      | Found a glowing drain.
  2341 | D:4      | Reached XP level 5. HP: 34/34 MP: 5/5
  2658 | D:4      | Reached skill level 4 in Shapeshifting
  2658 | D:4      | Reached XP level 6. HP: 31/39 MP: 6/6
  3101 | D:4      | Reached XP level 7. HP: 37/45 MP: 7/7
  3169 | D:4      | Reached skill level 5 in Stealth
  3374 | D:5      | Entered Level 5 of the Dungeon
  3447 | D:5      | Found Babegot's Antique Weapon Shop.
  3911 | D:5      | Reached skill level 5 in Unarmed Combat
  4219 | D:6      | Reached skill level 5 in Shapeshifting
  4219 | D:6      | Reached XP level 8. HP: 52/52 MP: 8/8
  5191 | D:6      | Reached skill level 6 in Shapeshifting
  5237 | D:6      | Reached skill level 1 in Evocations
  5263 | D:6      | Reached XP level 9. HP: 32/58 MP: 9/9
  5866 | D:6      | Learned a level 2 spell: Blink
  5990 | D:7      | Found an ornate altar of the Wu Jian Council.
  6151 | D:7      | HP: 2/58 [wight/+2 spear (9)]
  6159 | D:7      | Reached skill level 5 in Dodging
  6186 | D:7      | Found a hazy altar of Hepliaklqana.
  6252 | D:7      | Found a basalt altar of Yredelemnul.
  6303 | D:7      | Found a shimmering blue altar of Sif Muna.
  6352 | D:7      | Reached skill level 7 in Shapeshifting
  6462 | D:7      | Found a staircase to the Ecumenical Temple.
  6471 | Temple   | Entered the Ecumenical Temple
  6488 | Temple   | Became a worshipper of Gozag Ym Sagoz the Greedy
  6568 | D:7      | Found a glowing silver altar of Zin.
  6569 | D:7      | Found a stormy altar of Qazlal.
  6604 | D:7      | Reached skill level 5 in Fighting
  6976 | D:8      | Noticed a gargoyle
  7090 | D:8      | Reached XP level 10. HP: 45/66 MP: 10/10
  7092 | D:8      | Reached skill level 5 in Evocations
  7188 | D:8      | Found a flagged portal.
  7198 | Bailey   | Entered a bailey
  8048 | D:8      | Noticed Psyche
  8479 | D:8      | Identified the ring of Niapteugh {rElec rN++ Will+ Stlth-}
  9029 | D:9      | Reached skill level 8 in Shapeshifting
  9051 | D:9      | Learned a level 3 spell: Ozocubu's Armour
  9236 | D:9      | Found a staircase to the Orcish Mines.
  9363 | D:9      | Found a roughly hewn altar of Beogh.
  9712 | D:9      | HP: 2/68 [steam dragon/ball of steam (19)]
 10112 | D:9      | Bought a potion of ambrosia for 80 gold pieces
 10112 | D:9      | Bought a potion of might for 40 gold pieces
 10112 | D:9      | Bought a potion of heal wounds for 50 gold pieces
 10112 | D:9      | Bought a potion of curing for 30 gold pieces
 10112 | D:9      | Bought a potion of curing for 30 gold pieces
 10112 | D:9      | Bought a potion of haste for 100 gold pieces
 10122 | D:10     | Entered Level 10 of the Dungeon
 10296 | D:9      | Slain by a killer bee

Illustrated notes

Levels and vault maps discovered:
D:1:      scummos_arrival_gate, layout_loops_cross
D:2:      layout_loops_ring, grunt_ministairs_11
D:3:      layout_basic, kiku_gazebo_pond_becter, marbit_many_paths,
          portal_sewer_entry_d, minmay_circle_x
D:4:      layout_basic, chequers_serial_rivers_micro_e,
          chequers_serial_rivers_small_a, st_stairs_8
D:5:      layout_rooms, serial_shops, shop, roderic_batcave, chequers_avenue
D:6:      layout_loops_corners, hangedman_decor_slide_cut,
          chequers_serial_rivers_small_3, minmay_misc_feat_tower,
          minmay_statues_item, minmay_alternating_orb
D:7:      layout_loops_ring, grunt_temple_overflow_open, lemuel_blue_sif_altar,
          nicolae_wu_jian_wuxing_cycle, lemuel_coloured_pillars_altar,
          old_standard_altar, lemuel_temple_firewalk_a
D:8:      layout_loops_corners, enter_bailey_2, uniq_psyche
D:9:      layout_basic, minmay_orc_entry_temple_small, serial_curves,
          eino_curves_03, eino_curves_03, eino_curves_04, eino_curves_03,
          st_stairs_5
D:10:     layout_layer_cave, grunt_temple_overflow_champion_of_chaos,
          kennysheep_mini, erik_lair_island
Temple:   nicolae_temple_bog_church

Skill      XL: |  1  2  3  4  5  6  7  8  9 10 |
---------------+-------------------------------+-----
Stealth        | 1 2 3 4 6 |  6.7
Fighting       | 2 3 4 5 6 |  6.1
Unarmed Combat | 4 5 6 7 |  7.8
Shapeshifting  | 4 5 6 7 8 |  8.4
Dodging        | 3 4 5 6 |  6.2
Evocations     | 1 4 6 |  6.4

Action                     |  1- 3 |  4- 6 |  7- 9 | 10-12 || total
---------------------------+-------+-------+-------+-------++-------
  Melee: Unarmed           |    50 |    93 |   197 |   177 ||   517
         Constrict         |    18 |    18 |    54 |    45 ||   135
         Tentacles         |     9 |    14 |    62 |    44 ||   129
         Punch             |     2 |     6 |     6 |    12 ||    26
  Throw: Dart              |       |     4 |    38 |       ||    42
         Boomerang         |       |       |       |    15 ||    15
 Invoke: Call Merchant     |       |       |       |     1 ||     1
  Evoke: Wand              |       |       |     1 |       ||     1
         Sack of spiders   |       |       |       |     1 ||     1
    Use: Scroll            |       |     3 |     1 |     6 ||    10
         Potion            |       |       |     4 |     5 ||     9
   Stab: Sleeping          |    11 |     9 |     7 |     2 ||    29
         Distracted        |       |       |     2 |       ||     2
 Armour: Skin              |    15 |    43 |    79 |   100 ||   237
  Dodge: Dodged            |    19 |    46 |    98 |   133 ||   296
  Block: Other             |       |       |       |     8 ||     8
         Reflection        |       |       |       |     3 ||     3

Table legend: (Time is in decaauts)
 A = Elapsed time spent in this place.
 B = Non-inter-level travel time spent in this place.
 C = Inter-level travel time spent in this place.
 D = Time resting spent in this place.
 E = Time spent auto-exploring this place.
 F = Levels seen in this place.
 G = Mean time per level.
                   A        B        C        D        E       F      G
               +--------+--------+--------+--------+--------+-----+--------+
         Total |  10232 |   9750 |    482 |   1079 |   5386 |  12 |  852.7 |
       Dungeon |   9507 |   9057 |    450 |    946 |   5343 |  10 |  950.7 |
        Temple |     34 |      2 |     32 |      0 |      0 |   1 |   34.0 |
        Bailey |    689 |    689 |      0 |    133 |     43 |   1 |  689.0 |
               +--------+--------+--------+--------+--------+-----+--------+

Top non-repeatable levels by time:
     D:6: 1725 daAuts
     D:8: 1293 daAuts
     D:9: 1195 daAuts
     D:4: 1101 daAuts
     D:3: 941 daAuts
     D:7: 932 daAuts
     D:2: 749 daAuts
     D:5: 739 daAuts
  Bailey: 689 daAuts
     D:1: 660 daAuts
    D:10: 168 daAuts
  Temple: 34 daAuts
